 Dungeon Crawl Stone Soup version 0.20-a0-345-gbfb25ec (webtiles) character file.

121 terra52 the Conjurer (level 4, -2/33 HPs)
             Began as a Demigod Conjurer on Dec 23, 2016.
             Hit by a stone thrown by a kobold (4 damage)
             ... on level 3 of the Dungeon.
             The game lasted 00:09:48 (3029 turns).

terra52 the Conjurer (Demigod Conjurer)             Turns: 3029, Time: 00:09:49

Health: -2/33      AC:  2    Str: 11    XL:     4   Next: 48%
Magic:  6/10       EV: 12    Int: 21    God:
Gold:   120        SH:  0    Dex: 16    Spells: 5/8 levels left

rFire  . . .     SeeInvis .     (no weapon)
rCold  . . .     Gourm    .     a - +0 robe
rNeg   . . .     Faith    .     (no shield)
rPois  .         Spirit   .     (no helmet)
rElec  .         Reflect  .     (no cloak)
rCorr  +         Harm     .     (no gloves)
MR     .....                    (no boots)
Stlth  +.........               (no amulet)
                                (no ring)
                                n - ring of resist corrosion

@: no status effects
A: high mp 1
a: no special abilities


You were on level 3 of the Dungeon.
You were not hungry.

You visited 1 branch of the dungeon, and saw 3 of its levels.

You collected 120 gold pieces.

Inventory:

Hand Weapons
 j - a +1 short sword of holy wrath
 o - a +2 dagger of speed
Armour
 a - a +0 robe (worn)
 h - a cursed -1 leather armour
Jewellery
 n - a ring of resist corrosion (left hand)
Scrolls
 d - 2 scrolls of teleportation {unknown}
 g - 5 scrolls of identify {unknown}
 i - a scroll of remove curse {unknown}
 l - 2 scrolls of amnesia {unknown}
Potions
 e - a potion of heal wounds {unknown}
 m - a potion of curing {unknown}
Books
 b - a book of Conjurations

   Spells                             Type                      Level
   a - Magic Dart                     Conjuration                  1
   b - Searing Ray                    Conjuration                  2
   c - Dazzling Spray                 Conjuration/Hexes            3
   d - Fulminant Prism                Conjuration/Hexes            4
   e - Iskenderun's Mystic Blast      Conjuration                  4
   f - Iskenderun's Battlesphere      Conjuration/Charms           5
Comestibles
 c - 2 bread rations
 f - 3 meat rations
 k - a beef jerky


   Skills:
 + Level 1.8 Dodging
 + Level 2.2 Stealth
 + Level 2.6 Spellcasting
 + Level 4.9 Conjurations


You had 5 spell levels left.
You knew the following spells:

 Your Spells              Type           Power        Failure   Level  Hunger
a - Magic Dart            Conj           ###.         1%          1    None
b - Searing Ray           Conj           ###...       2%          2    ##.....


Dungeon Overview and Level Annotations

Branches:
Dungeon (3/15)

Annotations:
D:3 acidosis1's ghost, amateur KoBe


Innate Abilities, Weirdness & Mutations

You have an increased reservoir of magic. (+10% MP)


Message History

The searing ray hits acidosis1's ghost.
Acidosis1's ghost is lightly damaged.
The searing ray hits acidosis1's ghost.
Acidosis1's ghost is moderately damaged.
The searing ray hits acidosis1's ghost.
Acidosis1's ghost is moderately damaged.
You finish channeling your searing ray.
Acidosis1's ghost hits you!
Acidosis1's ghost says, "It's not the size of the blade that matters, it's how you use it."
Acidosis1's ghost hits you! Acidosis1's ghost hits you.
Acidosis1's ghost hits you!
* * * LOW HITPOINT WARNING * * *
Acidosis1's ghost barely misses you. Acidosis1's ghost barely misses you.
Acidosis1's ghost misses you.
A kobold comes into view. It is wielding a dagger of draining.
You enter the shallow water.
Moving in this stuff is going to be slow.
The kobold throws a stone.
The stone hits you.
You die...

.###..≈♣♣♣≈.≈♣ ♣≈.≈♣ ≈♣
.# ##≈≈≈≈≈≈.≈≈≈≈≈.≈≈≈≈ ≈
.# ##.≈.≈≈≈.≈≈..≈.≈≈$.
.###..≈≈≈≈≈≈≈≈≈≈≈≈≈≈≈≈
......≈♣♣♣≈≈≈♣♣♣≈≈≈♣
####..≈♣ ♣≈.≈♣ ♣≈.≈♣
#.≈≈♣♣♣≈≈≈♣♣♣≈≈≈♣♣♣≈≈
#.≈≈≈≈≈≈≈≈≈≈≈≈≈≈≈≈≈≈≈
#....≈≈≈....W@.≈..K.$
##..≈≈≈≈≈.≈≈≈≈≈.≈≈≈≈≈.
###..≈≈♣♣♣≈.≈♣♣♣≈≈≈♣♣♣≈.
#.....≈♣ ♣≈.≈♣ ♣≈≈≈♣
.....≈≈♣♣♣≈≈≈♣ ♣≈.≈♣
#.#...≈≈≈≈≈.≈≈≈≈≈.≈≈≈
#.#.#.≈≈≈≈≈≈..≈≈≈.....
#.#...≈≈≈≈≈.≈≈≈≈≈.≈≈≈≈
#.###.≈♣♣♣≈≈≈♣ ♣≈≈≈♣


You could see acidosis1's ghost and a kobold.

Vanquished Creatures
  Natasha (D:3)
  An orc wizard (D:3)
  An adder (D:2)
  2 worms
  A leopard gecko (D:3)
  3 orcs (D:3)
  A giant cockroach (D:2)
  9 hobgoblins
  2 jackals (D:1)
  8 kobolds
  2 quokkas
  A ball python (D:1)
  5 bats
  4 frilled lizards
  8 goblins
  3 rats
52 creatures vanquished.

Notes
Turn   | Place    | Note
-------+----------+-------------------------------------------
     0 | D:1      | terra52 the Demigod Conjurer began the quest for the Orb.
     0 | D:1      | Reached XP level 1. HP: 14/14 MP: 5/5
   171 | D:1      | Reached skill level 4 in Conjurations
   216 | D:1      | Reached XP level 2. HP: 20/20 MP: 0/7
  1369 | D:2      | Reached XP level 3. HP: 26/26 MP: 4/8
  1839 | D:2      | Learned a level 2 spell: Searing Ray
  2173 | D:3      | Found an iron altar of Okawaru.
  2384 | D:3      | Reached XP level 4. HP: 33/33 MP: 4/10
  2737 | D:3      | Noticed Natasha
  2741 | D:3      | Killed Natasha
  2744 | D:3      | Noticed acidosis1's ghost (amateur KoBe)
  3021 | D:3      | HP: 1/33 [acidosis1's ghost (9)]
  3029 | D:3      | Hit by a stone thrown by a kobold

Vault maps used:
D:1:      dpeg_arrival_stonehenge_12_columns
D:2:      first_bread
D:3:      minmay_roachtagon, kennysheep_okawaru_gauntlet, lemuel_blue_sif_altar,
          kennysheep_boxes, uniq_natasha

Skill      XL: |  1  2  3 |
---------------+----------+-----
Conjurations   | 4 |  4.9
Spellcasting   | 2 |  2.6
Stealth        | 2 |  2.2
Dodging        | |  1.8

Action                   |  1- 3 |  4- 6 || total
-------------------------+-------+-------++-------
 Cast: Magic Dart        |   104 |    17 ||   121
       Searing Ray       |     1 |     1 ||     2
  Eat: Chunk             |     5 |     2 ||     7
Armor: Robe              |     2 |       ||     2
Dodge: Dodged            |     9 |     3 ||    12
